[Event "Betsys MČR v online bleskovém šachu 2021"]
[Site "Chess.com"]
[Date "2021.04.17"]
[Round "4"]
[White "CZMaster666"]
[Black "Soural_J"]
[Result "0-1"]
[WhiteElo "1857"]
[BlackElo "2168"]
[TimeControl "180+1"]
[EndTime "9:38:54 PDT"]
[Termination "Uživatel Soural_J zvítězil na čas"]

1. e4 c5 2. Nf3 Nc6 3. d4 cxd4 4. Nxd4 g6 5. Be2 Bg7 6. Nb3 Nf6 7. Nc3 O-O 8. O-O d6 9. Bg5 Bd7 10. f4 Re8 11. Bc4 Rc8 12. Nd2 Qb6+ 13. Kh1 Qxb2 14. Nd5 Nxe4 15. Nxe4 Qxa1 16. Qxa1 Bxa1 17. Rxa1 Bf5 18.
Re1 Kg7 19. Ng3 Bxc2 20. Bb5 f6 21. Bh4 Kf7 22. Ne2 a6 23. Bxc6 bxc6 24. Ne3 Bd3 25. Nd4 c5 26. Nb3 e5 27. Nd5 f5 28. fxe5 dxe5 29. Nb6 Rc6 30. Nd7 c4 31. Na5 Rce6 32. Nb7 e4 33. Nbc5 Rd6 34. Bg3 Rd5 35. Rb1 g5 36.
Rb6 f4 37. Rf6+ Kg7 38. Be1 Rxc5 39. Bc3 Rce5 40. Rf5 Kg6 41. Rxe5 Rxe5 42. Nxe5+ Kf5 43. Kg1 e3 44. g3 Ke4 45. Kg2 Be2 46. gxf4 gxf4 47.
h4 f3+ 48. Kg1 Bd3 49. Nxf3 Kxf3 50. Be1 h5 51. a4 Ke2 52. Bb4 Kd1 53. Kg2 Kc2 54.
Kf3 Kb3 55. Be1 e2 56. Ke3 Kxa4 57. Kd2 Kb5 58. Kc3 a5 59. Bf2 a4 60. Bg3 a3 61.
Be1 Ka4 62. Bf2 a2 63. Kb2 Bb1 64. Be1 Kb5 65. Bc3 Kc6 66. Kc1 Kd5 67. Kd2 Ke4 68.
Kxe2 Kf4 69. Bf6 Kg4 70. Kd2 Kf3 71. Kc1 Ke2 0-1

[Event "Betsys MČR v online bleskovém šachu 2021"]
[Site "Chess.com"]
[Date "2021.04.17"]
[Round "4"]
[White "DenisaD2008"]
[Black "DominikS3"]
[Result "0-1"]
[WhiteElo "975"]
[BlackElo "1315"]
[TimeControl "180+1"]
[EndTime "9:38:59 PDT"]
[Termination "Uživatel DominikS3 zvítězil matem"]

1. e4 c6 2. Nc3 d5 3. d4 dxe4 4. Nxe4 Bf5 5. Nc3 Nf6 6. Be3 e6 7. Nf3 Nbd7 8. Bd3 Bxd3 9. Qxd3 Be7 10. O-O O-O 11. Ng5 h6 12. Nge4 Nxe4 13. Nxe4 Nf6 14. Ng3 Nd5 15. Ne4 Nxe3 16. fxe3 Qc7 17. Ng3 Rfd8 18. c3 c5 19. Qc4 Rac8 20. dxc5 Qxc5 21. Qxc5 Bxc5 22. Rf3 Rd3 23. Re1 Rcd8 24. b4 Bb6 25. a4 a6 26. a5 Ba7 27. Ne4 Rd1 28. Rff1 Rxe1 29. Rxe1 f5 30. Ng3 Rd3 31. c4 Bxe3+ 32. Kf1 f4 33. Ne4 Rd4 34. Nf2 Rxc4 35. g3 Bxf2 36.
Kxf2 fxg3+ 37. Kxg3 Rc6 38. h4 Kf7 39. Kg4 g6 40. Kf4 Rc4+ 41. Kg3 Rxb4 42. Kh3 Rb5 43. Rf1+ Kg7 44. Re1 e5 45. Kg4 Rxa5 46. Kf3 Kf6 47. Kg3 Ra3+ 48. Kg4 Ra4+ 49. Kf3 Kf5 50. Kg2 g5 51.
Rf1+ Kg6 52. hxg5 hxg5 53. Kg3 b5 54. Rb1 Rf4 55. Re1 Kf5 56. Kg2 a5 57. Rc1 a4 58.
Rc3 b4 59. Rc2 b3 60. Rb2 Rb4 61. Rb1 a3 62. Rf1+ Kg6 63. Rb1 a2 64. Ra1 b2 65.
Rxa2 b1=Q 66. Kf3 Kf5 67. Ke3 Qxa2 68. Kd3 Qa3+ 69. Kc2 Rb2+ 70. Kc1 Qa1# 0-1

[Event "Betsys MČR v online bleskovém šachu 2021"]
[Site "Chess.com"]
[Date "2021.04.17"]
[Round "4"]
[White "fera_v"]
[Black "Classemence"]
[Result "1-0"]
[WhiteElo "2248"]
[BlackElo "1925"]
[TimeControl "180+1"]
[EndTime "9:39:05 PDT"]
[Termination "Uživatel fera_v zvítězil matem"]

1. e4 c5 2. Nf3 Nc6 3. g3 e5 4. Bg2 Nf6 5. O-O Be7 6. Re1 O-O 7. c3 d6 8. h3 h6 9. d4 cxd4 10. cxd4 Qc7 11. Nc3 a6 12. Be3 b5 13. Rc1 Bb7 14. d5 Na7 15. Nxb5 Qd7 16. Nxa7 Bxd5 17. exd5 Rxa7 18. Bxa7 Qxa7 19. Rc6 Rb8 20. b3 a5 21. Nd2 a4 22. Qc2 Qa5 23. Nc4 Qxe1+ 24. Kh2 axb3 25. axb3 Bf8 26. Nxd6 Qb4 27. Nf5 Qxb3 28. Qxb3 Rxb3 29.
d6 Rd3 30. Rc8 g6 31. Nxh6+ Kg7 32. Ng4 Nxg4+ 33. hxg4 Bxd6 34. Be4 Rd2 35. Kg1 f5 36. gxf5 gxf5 37. Bxf5 Kf6 38. Be4 Rd4 39. f3 Rd2 40.
Kf1 Ke6 41. g4 Kf6 42. Rg8 Rb2 43. Rg6+ Ke7 44. Bd5 Kd7 45. Rg7+ Be7 46. g5 Kd6 47.
Be4 Rd2 48. g6 Rh2 49. Rf7 Ke6 50. Bf5+ Kd6 51. g7 Rh1+ 52. Kg2 Rh5 53. g8=Q Rg5+ 54. Qxg5 Bxg5 55. Kh3 Bf4 56. Kg4 Kc5 57. Rd7 Kc4 58. Rd1 Kc3 59. Be4 Kc4 60. Kf5 Kc3 61. Ke6 Kc4 62.
Kd6 Kc3 63. Kd5 Kb4 64. Rd3 Kb5 65. Rb3+ Ka4 66. Kc4 Bd2 67. Bc6+ Ka5 68. Rb5+ Ka6 69. Rd5 Kb6 70. Bb5 Bf4 71. Rd6+ Kc7 72. Kd5 Kb7 73. Kc5 Kc7 74. Rd7+ Kc8 75. Kc6 e4 76. Ba6+ Kb8 77.
Rb7+ Kc8 78. Rf7+ Kd8 79. Rxf4 e3 80. Re4 e2 81. Bxe2 Kc8 82. Re8# 1-0

[Event "Betsys MČR v online bleskovém šachu 2021"]
[Site "Chess.com"]
[Date "2021.04.17"]
[Round "4"]
[White "Tah_na_g12"]
[Black "kubajss"]
[Result "1-0"]
[WhiteElo "1180"]
[BlackElo "873"]
[TimeControl "180+1"]
[EndTime "9:39:09 PDT"]
[Termination "Uživatel Tah_na_g12 zvítězil matem"]

1. e4 e5 2. Nf3 Nc6 3. Bc4 Bc5 4. c3 d6 5. d4 Bb6 6. dxe5 dxe5 7. Qxd8+ Nxd8 8. Nxe5 Be6 9. Bxe6 Nxe6 10. O-O f6 11. Nf3 O-O-O 12. Be3 Kb8 13. Bxb6 axb6 14. Na3 Ne7 15.
Rfd1 f5 16. exf5 Nxf5 17. Re1 Rhe8 18. Rad1 Re7 19. Rxd8+ Nxd8 20. Rxe7 Nxe7 21. Kf1 Nec6 22. Ke2 Ne6 23. Ke3 Nc5 24. b4 Na4 25. Kd3 h5 26. h3 g6 27. b5 Ne7 28. g4 Nd5 29. c4 Ndc3 30. Ne5 hxg4 31. hxg4 g5 32. Nf7 Nxa2 33.
Nxg5 Nc5+ 34. Kd4 Nb4 35. f4 Nd7 36. f5 Nf6 37. Ne4 Nxg4 38. f6 Nh6 39. Ke5 c6 40. bxc6 bxc6 41. Ke6 c5 42. f7 Nxf7 43. Kxf7 Nc6 44. Ke6 Kc7 45. Kd5 Nd4 46. Nf6 Kb7 47.
Ne8 Ka6 48. Nc7+ Kb7 49. Ncb5 Ka6 50. Nxd4 cxd4 51. Kxd4 Kb7 52. Kc3 Kc6 53. Kb4 Kc7 54. Kb5 Kb7 55. Nc2 Kc7 56. Nd4 Kb7 57. Ne6 Ka7 58. Nc7 Kb7 59. Nd5 Ka7 60. Nxb6 Kb7 61. c5 Kc7 62. c6 Kd6 63. Nc8+ Kc7 64. Ne7 Kd6 65. Kb6 Kxe7 66. Kb7 Ke6 67. c7 Ke5 68. c8=Q Kd4 69. Qc7 Ke4 70. Qc5 Kd3 71. Kb6 Ke2 72.
Qd4 Kf3 73. Kc5 Ke2 74. Qc3 Kf2 75. Qd3 Ke1 76. Qc2 Kf1 77. Qd2 Kg1 78. Kd4 Kf1 79. Ke3 Kg1 80. Qf2+ Kh1 81. Qe2 Kg1 82. Kf3 Kh1 83. Qg2# 1-0

[Event "Betsys MČR v online bleskovém šachu 2021"]
[Site "Chess.com"]
[Date "2021.04.17"]
[Round "4"]
[White "rolkento"]
[Black "Tretrik"]
[Result "0-1"]
[WhiteElo "2239"]
[BlackElo "2076"]
[TimeControl "180+1"]
[EndTime "9:40:01 PDT"]
[Termination "Uživatel Tretrik zvítězil po vzdání soupeře"]

1. e4 c5 2. c3 d5 3. e5 Nc6 4. f4 h5 5. Nf3 Bf5 6. d4 e6 7. Be3 cxd4 8. Nxd4 Nge7 9. Nd2 Nxd4 10. Bxd4 Nc6 11. Nf3 Be7 12. Bd3 g6 13. O-O a6 14. Qd2 Qc7 15. a4 Na5 16. Qc2 Rc8 17.
Bxf5 gxf5 18. Qf2 Nb3 19. Rad1 Qc4 20. Nd2 Qxa4 21. Nxb3 Qxb3 22. Rd3 Qb5 23. Rh3 h4 24. Re3 Rg8 25. g3 Qc4 26. Rfe1 b5 27. Qe2 b4 28.
Qxc4 Rxc4 29. Kf2 Kd7 30. Ra1 Ra8 31. b3 Rc6 32. cxb4 Bxb4 33. gxh4 a5 34. Re2 Rh8 35.
Kg3 Rcc8 36. Raa2 Rcg8+ 37. Kh3 Rg4 38. Bf2 Be7 39. Bg3 Bxh4 40. Kg2 Rhg8 41. Kf3 Bxg3 42. hxg3 Rxg3+ 43. Kf2 Rxb3 44. Rxa5 Rgb8 45. Ra7+ R8b7 46.
Rea2 Rxa7 47. Rxa7+ Ke8 48. Ke2 Kf8 49. Kf2 Kg7 50.
Ke2 Kg6 51. Rc7 Rb6 52. Kf3 f6 53. exf6 Kxf6 54. Rc8 Rb3+ 55. Kf2 Kg6 56. Rc6 Kf6 57. Ra6 Ke7 58. Ra7+ Kd6 59. Ra6+ Kd7 60. Ra7+ Kc6 61.
Ra6+ Rb6 62. Ra8 Kc5 63. Ke3 Rb3+ 64. Kd2 Kd4 65. Ra4+ Kc5 66. Ra6 Rb6 67. Ra5+ Kc4 68. Ra4+ Kc5 69. Ra5+ Kd6 70. Ra8 Rb4 71. Ke3 Kc5 72. Re8 Rb6 73. Re7 Kb5 74. Re8 Kc5 75. Re7 Rc6 76. Re8 Kd6 77. Rf8 Rc3+ 78. Ke2 Rc4 79.
Kf3 Rc3+ 80. Kf2 Kc5 81. Rc8+ Kd4 82. Re8 Rc6 83. Kf3 Rc3+ 84. Kf2 Ke4 85. Rxe6+ Kxf4 86.
Rd6 Rc2+ 87. Ke1 Ke4 88. Re6+ Kf3 89. Rd6 Rc5 90. Rd8 f4 91. Ra8 Rc3 92. Rd8 Rd3 93. Rh8 Ke3 94. Re8+ Kf3 95. Rh8 Re3+ 96. Kd2 d4 97.
Rd8 Re2+ 98. Kd3 Re1 99. Rxd4 Rd1+ 100. Kc4 Rxd4+ 101.
Kxd4 Ke2 102. Ke4 f3 103. Kf4 f2 104. Kg4 f1=Q 0-1

[Event "Betsys MČR v online bleskovém šachu 2021"]
[Site "Chess.com"]
[Date "2021.04.17"]
[Round "5"]
[White "MatyldaCZ"]
[Black "tondapesek"]
[Result "1-0"]
[WhiteElo "1384"]
[BlackElo "1035"]
[TimeControl "180+1"]
[EndTime "9:42:03 PDT"]
[Termination "Uživatel MatyldaCZ zvítězil po vzdání soupeře"]

1. e4 e5 2. Nf3 Nc6 3. Bc4 Bc5 4.
c3 Nf6 5. d4 exd4 6. cxd4 Bb4+ 7. Bd2 Bxd2+ 8. Nbxd2 O-O 9. O-O d6 10. Re1 Bd7 11. h3 h6 12. e5 dxe5 13. dxe5 Nh7 14. Bd3 Ng5 15. Nxg5 Qxg5 16. Nf3 Qf4 17. Re4 Qf5 18. Rg4 Qh7 19. Bxh7+ 1-0

[Event "Betsys MČR v online bleskovém šachu 2021"]
[Site "Chess.com"]
[Date "2021.04.17"]
[Round "5"]
[White "YoungMegaMind"]
[Black "stripe122"]
[Result "1-0"]
[WhiteElo "2226"]
[BlackElo "1790"]
[TimeControl "180+1"]
[EndTime "9:42:28 PDT"]
[Termination "Uživatel YoungMegaMind zvítězil matem"]

1. Nf3 Nf6 2. e3 c5 3. b3 g6 4. Bb2 Bg7 5. c4 O-O 6. Nc3 Nc6 7. Be2 b6 8. O-O Bb7 9. Rc1 Rc8 10. d4 cxd4 11.
Nxd4 Nxd4 12. Qxd4 d5 13. Nxd5 Nxd5 14. Qxg7# 1-0

[Event "Betsys MČR v online bleskovém šachu 2021"]
[Site "Chess.com"]
[Date "2021.04.17"]
[Round "5"]
[White "reflexia64"]
[Black "Milan_Jancek"]
[Result "1-0"]
[WhiteElo "2277"]
[BlackElo "1819"]
[TimeControl "180+1"]
[EndTime "9:42:42 PDT"]
[Termination "Uživatel reflexia64 zvítězil po vzdání soupeře"]

1. b3 e5 2. Bb2 d6 3. c4 Nc6 4. g3 g6 5. Bg2 Bg7 6. e3 Nge7 7. Ne2 O-O 8. O-O f5 9. f4 Nb4 10. d3 c5 11. a3 Nbc6 12. Qc2 Be6 13. Nbc3 Qc7 14.
Nd5 Bxd5 15. cxd5 Nd8 16. b4 b6 17. bxc5 bxc5 18. fxe5 Bxe5 19. Bxe5 dxe5 20. d6 Qxd6 1-0

[Event "Betsys MČR v online bleskovém šachu 2021"]
[Site "Chess.com"]
[Date "2021.04.17"]
[Round "5"]
[White "Rognort"]
[Black "rolkento"]
[Result "0-1"]
[WhiteElo "1800"]
[BlackElo "2241"]
[TimeControl "180+1"]
[EndTime "9:43:10 PDT"]
[Termination "Uživatel rolkento zvítězil po vzdání soupeře"]

1. e4 e6 2. c4 d5 3. cxd5 exd5 4. exd5 Nf6 5. Bc4 Bd6 6. Nc3 O-O 7. Nf3 Re8+ 8. Ne2 Bg4 9. Qb3 Nbd7 10. h3 Bxf3 11.
Qxf3 Ne5 12. Qb3 Nxc4 13. Qxc4 Qe7 14. d4 Qe4 15. Be3 Nxd5 16. O-O Nxe3 17. fxe3 Qxe3+ 18.
Kh1 Qxe2 19. Rxf7 Qxc4 0-1

[Event "Betsys MČR v online bleskovém šachu 2021"]
[Site "Chess.com"]
[Date "2021.04.17"]
[Round "5"]
[White "KarelZalesky"]
[Black "Hollow_Head"]
[Result "1-0"]
[WhiteElo "1625"]
[BlackElo "1073"]
[TimeControl "180+1"]
[EndTime "9:43:23 PDT"]
[Termination "Uživatel KarelZalesky zvítězil matem"]

1. e4 e5 2. Nf3 Nc6 3. Bb5 Nd4 4. Nxd4 exd4 5. O-O c6 6. Be2 Bd6 7. g3 Nf6 8. Bf3 Bc7 9. d3 d5 10. exd5 cxd5 11. Re1+ Be6 12. c3 O-O 13. cxd4 Qc8 14. Nc3 Ng4 15. Bxd5 Bxd5 16. Nxd5 Ba5 17. Ne7+ Kh8 18.
Nxc8 Bxe1 19. Qxe1 Raxc8 20. h3 Nh6 21. Bxh6 gxh6 22.
Qe5+ Kg8 23. Re1 b6 24. Re4 a5 25. Rg4# 1-0

[Event "Betsys MČR v online bleskovém šachu 2021"]
[Site "Chess.com"]
[Date "2021.04.17"]
[Round "5"]
[White "Michaela1994"]
[Black "mayerrs"]
[Result "1-0"]
[WhiteElo "1629"]
[BlackElo "1879"]
[TimeControl "180+1"]
[EndTime "9:43:46 PDT"]
[Termination "Uživatel Michaela1994 zvítězil po vzdání soupeře"]

1. e4 g6 2. d4 Bg7 3. Nf3 b6 4. Bd3 Bb7 5. O-O a6 6. Nc3 e6 7.
Be3 Ne7 8. Ne2 O-O 9. c4 d5 10. cxd5 exd5 11. e5 Nd7 12. Qd2 Rc8 13. Rac1 c5 14. Bh6 cxd4 15. Nexd4 Nc5 16. Bb1 Ne4 17. Bxe4 dxe4 18. Bxg7 Kxg7 19. Rxc8 Nxc8 20. Ng5 h6 21.
Nge6+ fxe6 22. Nxe6+ Kg8 23. Nxd8 Ne7 1-0

[Event "Betsys MČR v online bleskovém šachu 2021"]
[Site "Chess.com"]
[Date "2021.04.17"]
[Round "5"]
[White "jarda1955"]
[Black "CzechMerlin"]
[Result "1-0"]
[WhiteElo "1991"]
[BlackElo "1666"]
[TimeControl "180+1"]
[EndTime "9:43:49 PDT"]
[Termination "Uživatel jarda1955 zvítězil matem"]

1. d4 f5 2. Nf3 Nf6 3. g3 g6 4.
Bg2 Bg7 5. O-O O-O 6. b3 d6 7. Bb2 Nc6 8. d5 Nb8 9. c4 Nbd7 10. Nbd2 c6 11. Nd4 c5 12. Ne6 Qe8 13. Nc7 Qd8 14.
Nxa8 b6 15. e4 Bb7 16. exf5 gxf5 17. Nxb6 axb6 18. Nf3 Qe8 19. Ng5 Qg6 20. Ne6 Re8 21. Nxg7 Kxg7 22. Qe2 Bc8 23. Rae1 e5 24. dxe6 Nf8 25.
Qd2 Rxe6 26. Rxe6 Nxe6 27. Qxd6 Qh5 28. Qe7+ Kg6 29. Qxf6# 1-0

[Event "Betsys MČR v online bleskovém šachu 2021"]
[Site "Chess.com"]
[Date "2021.04.17"]
[Round "5"]
[White "VojtaT"]
[Black "Patrik_Kohm"]
[Result "1-0"]
[WhiteElo "1736"]
[BlackElo "1373"]
[TimeControl "180+1"]
[EndTime "9:43:52 PDT"]
[Termination "Uživatel VojtaT zvítězil po vzdání soupeře"]

1. e4 e6 2. d4 d5 3. e5 c5 4. c3 Nc6 5. Nf3 Qb6 6. Be2 cxd4 7. cxd4 Bb4+ 8. Kf1 Nge7 9. a3 Ba5 10. b4 Nxb4 11.
axb4 Bxb4 12. Bd2 Bxd2 13. Nbxd2 O-O 14. Qb3 Qd8 15. g3 Nf5 16. Kg2 b6 17. Rhc1 Bb7 18.
Qc2 Rc8 19. Qa4 Ra8 20. Ba6 Bxa6 21. Qxa6 Qe7 22. Rc2 f6 23. Rac1 fxe5 24. dxe5 Qg5 25. Nxg5 1-0

[Event "Betsys MČR v online bleskovém šachu 2021"]
[Site "Chess.com"]
[Date "2021.04.17"]
[Round "5"]
[White "FutureFideMasseur"]
[Black "PremetFugas"]
[Result "1-0"]
[WhiteElo "2437"]
[BlackElo "2129"]
[TimeControl "180+1"]
[EndTime "9:43:53 PDT"]
[Termination "Uživatel FutureFideMasseur zvítězil po vzdání soupeře"]

1. d4 d5 2. c4 dxc4 3. e4 e5 4.
Nf3 Bg4 5. Bxc4 Nf6 6. Bxf7+ Kxf7 7. Nxe5+ Ke8 8. Nxg4 Nxe4 9. O-O Be7 10. Re1 Nf6 11. Nxf6+ gxf6 12. Qh5+ Kd7 13. Qf5+ Ke8 14. Nc3 Nc6 15.
Nd5 Nxd4 16. Qh5+ Kf8 17. Bh6+ Kg8 18. Nxe7+ 1-0

[Event "Betsys MČR v online bleskovém šachu 2021"]
[Site "Chess.com"]
[Date "2021.04.17"]
[Round "5"]
[White "Vojta0007"]
[Black "JindrichT_JR_CZE"]
[Result "1-0"]
[WhiteElo "1484"]
[BlackElo "994"]
[TimeControl "180+1"]
[EndTime "9:44:07 PDT"]
[Termination "Uživatel Vojta0007 zvítězil po vzdání soupeře"]

1. d4 d5 2. Nf3 Nc6 3. e3 Nf6 4. c4 e6 5. Nc3 Ne4 6. cxd5 Nxc3 7. bxc3 exd5 8. c4 Bb4+ 9. Bd2 Bxd2+ 10. Qxd2 O-O 11.
cxd5 Qxd5 12. Be2 Re8 13. O-O Bg4 14. h3 1-0

[Event "Betsys MČR v online bleskovém šachu 2021"]
[Site "Chess.com"]
[Date "2021.04.17"]
[Round "5"]
[White "Clockwork7orange"]
[Black "VitaRasik"]
[Result "1/2-1/2"]
[WhiteElo "2318"]
[BlackElo "2608"]
[TimeControl "180+1"]
[EndTime "9:44:24 PDT"]
[Termination "Remíza opakováním pozice"]

1. Nc3 g6 2. e4 Bg7 3. Nf3 d6 4.
h3 Nf6 5. d4 O-O 6. Be3 b6 7. Bd3 Bb7 8. Qd2 e6 9. Bh6 c5 10.
O-O-O c4 11. Bxc4 Nxe4 12. Nxe4 Bxe4 13. Bxg7 Kxg7 14. Be2 Bxf3 15. Bxf3 d5 16. Kb1 Nd7 17. h4 h5 18. g4 hxg4 19. Bxg4 Nf6 20. Bf3 Rh8 21.
Rdg1 Kf8 22. Qf4 Rc8 23. c3 Ke7 24. a3 b5 25. Qg5 Kf8 26. Qf4 Ke7 27. Qg5 Kf8 28. Qf4 Ke7 1/2-1/2

[Event "Betsys MČR v online bleskovém šachu 2021"]
[Site "Chess.com"]
[Date "2021.04.17"]
[Round "5"]
[White "Smetanka674"]
[Black "OndrejBorkovec"]
[Result "1-0"]
[WhiteElo "1760"]
[BlackElo "1507"]
[TimeControl "180+1"]
[EndTime "9:44:26 PDT"]
[Termination "Uživatel Smetanka674 zvítězil po vzdání soupeře"]

1. d4 e6 2. c4 f5 3. Nc3 Nf6 4. Nf3 g6 5. e3 Bg7 6. Bd3 O-O 7. b3 d6 8. Bb2 Nbd7 9. Rc1 Qe8 10. O-O e5 11. Bb1 e4 12. Nd2 Ng4 13. h3 Ngf6 14.
Qc2 Qe7 15. Rce1 Nh5 16. b4 Qh4 17. c5 d5 18. Nxd5 Ndf6 19. Nxc7 Rb8 20. Qc4+ Kh8 21.
Ne6 Bxe6 22. Qxe6 Rbe8 23. Qc4 f4 24. d5 f3 25. Nxf3 exf3 26. Qxh4 fxg2 27. Kxg2 Nxd5 28. Bxg7+ Kxg7 29. Qd4+ Kg8 30. Qxd5+ 1-0

[Event "Betsys MČR v online bleskovém šachu 2021"]
[Site "Chess.com"]
[Date "2021.04.17"]
[Round "5"]
[White "5265"]
[Black "Stalri"]
[Result "0-1"]
[WhiteElo "1626"]
[BlackElo "2195"]
[TimeControl "180+1"]
[EndTime "9:44:37 PDT"]
[Termination "Uživatel Stalri zvítězil matem"]

1. e4 c5 2. c3 Nf6 3. e5 Nd5 4. d4 cxd4 5. cxd4 Nc6 6. Nf3 d6 7. h3 e6 8. Bb5 Qa5+ 9. Nc3 Nxc3 10. Bxc6+ bxc6 11. Qd2 dxe5 12. dxe5 Bb4 13. a3 Nd5 14. axb4 Qxa1 15. O-O Qa4 16. Nd4 Ba6 17. Rd1 Qxb4 18. Nxc6 Qxd2 19. Bxd2 O-O 20. Bb4 Rfc8 21. Rxd5 exd5 22.
Ne7+ Kh8 23. Nxc8 Rxc8 24. Bc3 Kg8 25. Kh2 Kf8 26. Kg3 Ke7 27. Kf4 Ke6 28. Ke3 Rc4 29.
f4 Re4+ 30. Kf3 Be2+ 31. Kg3 h5 32. Kf2 Bd1 33. Kg3 Kf5 34. h4 Bg4 35. Bd2 Re2 36. Bc1 Ke4 37. b4 Rc2 38. Ba3 Rc3+ 39. Kf2 Rxa3 40. g3 Ra2+ 41. Kg1 Kf3 42. e6 fxe6 43. f5 Kxg3 44. Kf1 Ra1# 0-1

[Event "Betsys MČR v online bleskovém šachu 2021"]
[Site "Chess.com"]
[Date "2021.04.17"]
[Round "5"]
[White "EliasD123"]
[Black "kol340"]
[Result "0-1"]
[WhiteElo "1305"]
[BlackElo "1836"]
[TimeControl "180+1"]
[EndTime "9:44:43 PDT"]
[Termination "Uživatel kol340 zvítězil po vzdání soupeře"]

1. e4 c6 2. d4 d5 3. exd5 cxd5 4. Nc3 Nf6 5. Nf3 Nc6 6. Bf4 a6 7. h3 Bf5 8. Bd3 Bg6 9. Qd2 e6 10. a3 Rc8 11. O-O Bd6 12. Rfe1 O-O 13. Bxd6 Qxd6 14. Qe3 b5 15. b4 Qc7 16. Bxg6 hxg6 17. Qg5 Nxd4 18. Nxd4 Qxc3 19. Rad1 Ne4 20. Qg4 Rc4 21. Nxe6 Nxf2 22. Qh4 Rxh4 23. Nxf8 0-1

[Event "Betsys MČR v online bleskovém šachu 2021"]
[Site "Chess.com"]
[Date "2021.04.17"]
[Round "5"]
[White "DavidZidlicky"]
[Black "Krejcak"]
[Result "0-1"]
[WhiteElo "1696"]
[BlackElo "2003"]
[TimeControl "180+1"]
[EndTime "9:44:48 PDT"]
[Termination "Uživatel Krejcak zvítězil po vzdání soupeře"]

1. e4 e5 2. Nf3 Nc6 3. Nc3 Nf6 4. d4 exd4 5. Nxd4 d6 6. Bg5 Be7 7. Nxc6 bxc6 8. h4 h6 9. Be3 Ng4 10. g3 Nxe3 11. fxe3 O-O 12. Be2 Be6 13. O-O d5 14. e5 c5 15. Bg4 Qd7 16. Bxe6 fxe6 17. Qd3 c4 18. Qg6 Bc5 19. Kg2 Bxe3 20. Rad1 Rxf1 21. Rxf1 Rf8 22. Rxf8+ Kxf8 23. Qh5 Bd4 24. Nd1 Qf7 25. c3 Qxh5 0-1

[Event "Betsys MČR v online bleskovém šachu 2021"]
[Site "Chess.com"]
[Date "2021.04.17"]
[Round "5"]
[White "Dale00007"]
[Black "Newyork6"]
[Result "1-0"]
[WhiteElo "1398"]
[BlackElo "333"]
[TimeControl "180+1"]
[EndTime "9:44:51 PDT"]
[Termination "Uživatel Dale00007 zvítězil matem"]

1. e4 c6 2. d4 d6 3. Nc3 Nd7 4. Nf3 b6 5. Be2 Bb7 6. O-O e6 7. Bg5 f6 8. Bh4 Be7 9. Bg3 f5 10.
exf5 Bf6 11. fxe6 Nb8 12. Ne4 Ne7 13. Nxd6+ Qxd6 14. Bxd6 O-O 15. Bxe7 Rf7 16. exf7+ Kxf7 17. Bxf6 Kxf6 18. Qd2 c5 19. dxc5 bxc5 20. Qd6+ Kf7 21. Bc4+ Ke8 22. Rfe1+ Be4 23. Rxe4# 1-0

[Event "Betsys MČR v online bleskovém šachu 2021"]
[Site "Chess.com"]
[Date "2021.04.17"]
[Round "5"]
[White "Sfreedom01"]
[Black "DrDANDog"]
[Result "0-1"]
[WhiteElo "1331"]
[BlackElo "1765"]
[TimeControl "180+1"]
[EndTime "9:44:56 PDT"]
[Termination "Uživatel DrDANDog zvítězil po vzdání soupeře"]

1. e4 Nf6 2. e5 Nd5 3. d4 d6 4. exd6 exd6 5. c3 Be7 6. Nf3 O-O 7. Be2 Nc6 8. Be3 Bf6 9. O-O Nxe3 10. fxe3 Qe7 11. Na3 Qxe3+ 12. Kh1 Re8 13. Re1 Bg4 14. Bd3 Qf4 15. Rf1 Re3 16. Be2 Rae8 17. Qd2 Bxf3 18. Bxf3 Bg5 19. Nc4 Rxf3 20. Qxf4 Rxf4 21. Rxf4 Bxf4 22.
g3 Bh6 23. Kg2 g6 24. Kh3 Re2 25. a3 b5 26. d5 Ne7 27. Na5 Nxd5 28. Nc6 0-1

[Event "Betsys MČR v online bleskovém šachu 2021"]
[Site "Chess.com"]
[Date "2021.04.17"]
[Round "5"]
[White "ritchi12"]
[Black "indebol"]
[Result "0-1"]
[WhiteElo "1126"]
[BlackElo "1547"]
[TimeControl "180+1"]
[EndTime "9:45:01 PDT"]
[Termination "Uživatel indebol zvítězil matem"]

1. e4 c5 2. Nf3 Nc6 3. Nc3 d6 4.
Bc4 Nf6 5. Ng5 e6 6. O-O g6 7.
Qf3 Bg7 8. d3 O-O 9. Qh3 a6 10.
Bf4 a5 11. e5 dxe5 12. Be3 Nd4 13. Bxd4 exd4 14. Nce4 h6 15. Nxf6+ Qxf6 16. Nf3 e5 17. a4 Bxh3 18. gxh3 Qxf3 19. Rae1 Qxh3 20. Re4 Kh7 21. b3 f5 22. Ree1 f4 23. f3 Rf5 24. Kh1 Rg5 25.
Rf2 Rf8 26. Rg1 Rff5 27. Be6 Rxg1+ 28. Kxg1 Rg5+ 29. Rg2 Qxg2# 0-1

[Event "Betsys MČR v online bleskovém šachu 2021"]
[Site "Chess.com"]
[Date "2021.04.17"]
[Round "5"]
[White "Hroch_Hippo"]
[Black "Kokos3"]
[Result "0-1"]
[WhiteElo "1077"]
[BlackElo "1490"]
[TimeControl "180+1"]
[EndTime "9:45:05 PDT"]
[Termination "Uživatel Kokos3 zvítězil matem"]

1. e4 e5 2. Nf3 Nc6 3. Bc4 Bc5 4. d3 h6 5. O-O Nf6 6. h3 d6 7. a3 O-O 8. Nc3 a6 9. b4 Ba7 10. Nd5 Nxd5 11. exd5 Ne7 12. Be3 b5 13. Bb3 Nf5 14. Bxa7 Rxa7 15. d4 e4 16. Nd2 Nxd4 17. Nxe4 Nxb3 18. cxb3 Bf5 19. Qd3 Re8 20. f3 c6 21.
dxc6 d5 22. Rfe1 dxe4 23. fxe4 Qxd3 24. exf5 Rxe1+ 25. Rxe1 Qd4+ 26. Kh2 Qd6+ 27. Kh1 Qxc6 28. a4 Qc3 29. axb5 Qxe1+ 30. Kh2 axb5 31. f6 Ra2 32.
fxg7 Qf2 33. h4 Qxg2# 0-1

[Event "Betsys MČR v online bleskovém šachu 2021"]
[Site "Chess.com"]
[Date "2021.04.17"]
[Round "5"]
[White "Koli05"]
[Black "hever99"]
[Result "1-0"]
[WhiteElo "1815"]
[BlackElo "2056"]
[TimeControl "180+1"]
[EndTime "9:45:08 PDT"]
[Termination "Uživatel Koli05 zvítězil po vzdání soupeře"]

1. d4 Nf6 2. c4 g6 3. Nc3 d5 4.
cxd5 Nxd5 5. Bd2 Bg7 6. e4 Nb6 7. Be3 O-O 8. Be2 Nc6 9. d5 Ne5 10. Bd4 Nec4 11. Bxg7 Kxg7 12. Bxc4 Nxc4 13. Qd4+ e5 14.
Qxc4 a6 15. Nf3 f5 16. Nxe5 fxe4 17. O-O Qd6 18. Qd4 Kg8 19. Nxe4 Qd8 20. Rad1 Bf5 21.
Ng3 Qd6 22. Nc4 Qd7 23. Nxf5 Rxf5 24. d6 cxd6 25. Nxd6 Rff8 26. Qd5+ 1-0

[Event "Betsys MČR v online bleskovém šachu 2021"]
[Site "Chess.com"]
[Date "2021.04.17"]
[Round "5"]
[White "Marcus_Aurelius_CZ"]
[Black "Lipican"]
[Result "0-1"]
[WhiteElo "1409"]
[BlackElo "2092"]
[TimeControl "180+1"]
[EndTime "9:45:20 PDT"]
[Termination "Uživatel Lipican zvítězil po vzdání soupeře"]

1. e4 c5 2. Nf3 d6 3. d4 cxd4 4.
Nxd4 Nf6 5. Nc3 Nc6 6. f3 e5 7. Be3 exd4 8. Bxd4 Be7 9. Bb5 O-O 10. O-O Nxd4 11.
Qxd4 a6 12. Bc4 Qc7 13. Bb3 d5 14. Nxd5 Nxd5 15. Qxd5 Be6 16. Qd3 Bxb3 17. cxb3 Rfd8 18. Qc3 Rac8 19. Qxc7 Rxc7 20. Rac1 Rdc8 21. Rxc7 Rxc7 22. Rd1 Kf8 23. Rd2 Ke8 24. Kf2 Rc1 25. a3 Bc5+ 26.
Kg3 Ke7 27. b4 Bd6+ 28. f4 g5 29. e5 gxf4+ 30. Kxf4 Rf1+ 31. Kg3 Bxe5+ 32. Kh3 f6 33. Rc2 Rd1 34. g3 Rd3 35. Kg2 Rb3 36. Kf2 Rxb2 37.
Rxb2 Bxb2 38. a4 b5 39. axb5 axb5 40. Ke2 Bc3 41. Kd3 Bxb4 42. Kc2 Bc5 43. Kb3 Ke6 44. h3 f5 45. h4 h5 0-1

[Event "Betsys MČR v online bleskovém šachu 2021"]
[Site "Chess.com"]
[Date "2021.04.17"]
[Round "5"]
[White "hvanacek"]
[Black "Simaril76"]
[Result "1-0"]
[WhiteElo "957"]
[BlackElo "702"]
[TimeControl "180+1"]
[EndTime "9:45:24 PDT"]
[Termination "Uživatel hvanacek zvítězil matem"]

1. e4 c5 2. Nc3 Nc6 3. f4 g6 4.
Nf3 Nf6 5. d3 Bg7 6. b3 d6 7.
Bb2 e5 8. f5 gxf5 9. exf5 Bxf5 10. Qe2 Qd7 11. O-O-O e4 12. dxe4 Be6 13. e5 dxe5 14.
Rxd7 Kxd7 15. Nxe5+ Nxe5 16. Qxe5 b6 17. Bb5+ Ke7 18.
Nd5+ Nxd5 19. Qxg7 Nb4 20. Bf6+ Kd6 21. Be5+ Ke7 22. Qf6+ Kf8 23. Qxh8+ Ke7 24. Qxa8 Nxa2+ 25. Kb2 Nb4 26. Qb7+ Kd8 27. Qc7# 1-0